 Dungeon Crawl Stone Soup version 0.24-a0-274-gb3763e6d51 (webtiles) character file.

Game seed: 9629233725085544229

723 HAL9000 the Covert (level 7, -3/34 HPs)
             Began as a Vine Stalker Assassin on Apr 27, 2019.
             Was an Initiate of Dithmenos.
             Killed by divine providence
             ... invoked by an orc priest
              (11 damage)
             ... on level 6 of the Dungeon.
             The game lasted 00:08:53 (4920 turns).

HAL9000 the Covert (Vine Stalker Assassin)          Turns: 4920, Time: 00:08:54

Health: -3/34      AC:  3    Str: 16    XL:     7   Next: 71%
Magic:  0/8        EV: 11    Int: 11    God:    Dithmenos [......]
Gold:   167        SH:  0    Dex: 15    Spells: 6/6 levels left

rFire    + . .     SeeInvis .   a - +2 dagger
rCold    . . .     Gourm    .   (no shield)
rNeg     . . .     Faith    .   c - +0 robe
rPois    .         Spirit   +   (no helmet)
rElec    .         Reflect  .   d - +0 cloak
rCorr    .         Harm     .   (no gloves)
MR       +....                  (no boots)
Stlth    ++++......             q - amulet of magic regeneration
HPRegen  0.51/turn              n - ring of protection from fire
MPRegen  0.36/turn              v - ring of protection from magic

@: no status effects
A: fangs 2, regeneration 1, magic shield, antimagic bite, no potion heal 3, rot
immunity
a: Renounce Religion


You were on level 6 of the Dungeon.
You worshipped Dithmenos.
Dithmenos was noncommittal.
You were not hungry.

You visited 2 branches of the dungeon, and saw 7 of its levels.

You collected 167 gold pieces.

Inventory:

Hand Weapons
 a - a +2 dagger (weapon)
 b - a +0 blowgun
Missiles
 e - 8 poisoned needles
 f - 2 curare-tipped needles
 p - 7 tomahawks
 r - 2 poisoned tomahawks (quivered)
Armour
 c - a +0 robe (worn)
 d - a +0 cloak (worn)
Jewellery
 n - a ring of protection from fire (left hand)
 q - an amulet of magic regeneration (around neck)
 v - a ring of protection from magic (right hand)
Wands
 u - a wand of digging (6)
Scrolls
 h - 2 scrolls of identify
 i - 2 scrolls of remove curse
 k - 4 scrolls of magic mapping {unknown}
 l - a scroll of immolation {unknown}
 m - a scroll of enchant weapon {unknown}
 o - a scroll of blinking
 w - a scroll of teleportation {unknown}
 y - 3 scrolls of noise {unknown}
Potions
 j - a potion of might
 s - a potion of lignification
 t - a potion of cancellation
 x - 3 potions of flight
 z - a potion of brilliance
Comestibles
 g - 9 rations


   Skills:
 - Level 1.7 Fighting
 + Level 5.5 Short Blades
 - Level 1.7 Throwing
 - Level 0.7 Dodging
 + Level 9.1 Stealth


You had 6 spell levels left.
You didn't know any spells.
Your spell library contained the following spells:

 Spells                   Type           Power        Failure   Level  Hunger
 Shock                    Conj/Air       #...         34%         1    ##.....
 Swiftness                Chrm/Air       #.......     47%         2    ###....
 Static Discharge         Conj/Air       #.......     71%         3    ####...
 Airstrike                Air            #.........   98%         4    #####..
 Lightning Bolt           Conj/Air       #.........   100%        5    ######.


Dungeon Overview and Level Annotations

Branches:
Dungeon (6/15)             Temple (1/1) D:5

Altars:
Ashenzari
Dithmenos
Elyvilon
Fedhas
Gozag
Hepliaklqana
Kikubaaqudgha
Makhleb
Nemelex Xobeh
Okawaru
Qazlal
Ru
Sif Muna
Trog
Uskayaw
Vehumet
Xom
Yredelemnul
Zin
The Shining One

Annotations:
D:5 1 runed translucent door, xoxolimbo's ghost, novice DsFE


Innate Abilities, Weirdness & Mutations

You have extremely sharp teeth.
Your natural rate of healing is unusually fast.
When hurt, damage is shared between your health and your magic reserves.
Your bite disrupts and absorbs the magic of your enemies.
Potions cannot restore your health.
You are immune to rotting.


Message History

Dithmenos accepts your kill. The orc hits you with a +0 club.
The orc hits you with a +0 whip.
The gnoll hits you from afar with a +0 spear.
You closely miss the orc priest.
The orc priest hits you with a +0 flail!
A gnoll comes into view. It is wielding a +0 whip.
The orc hits you with a +0 whip.
The gnoll shouts!
You hit the orc priest. Your bite misses the orc priest.
The orc priest is lightly wounded.
You hear a shout!
The orc closely misses you.
The gnoll hits you from afar with a +0 spear.
The orc priest looks satisfied for a moment.
The orc priest mumbles some strange prayers to Beogh against you.
Beogh smites you!
* * * LOW HITPOINT WARNING * * *
The orc priest calls down the wrath of Beogh upon you.
Beogh smites you!
You die...

.g ..# # #. #.# ##.
.# #### #.# #.....
#..†## #.# ..#.#g
..#.## #.# #.....
#.##.## #<#
#..g.###.###.# #.#
#...)g..go.#.####.#
##...###.#..o..@..#
##.# #.g.....####
#. ##..###......# #
..o#.# ########
###... #####


You could see a gnoll shaman, an orc priest, a gnoll and 2 orcs.

Vanquished Creatures
  A sky beast (D:5)
  A centaur (D:5)
  A scorpion (D:4)
  A howler monkey (D:6)
  A crimson imp (D:4)
  A centaur zombie (D:5)
  3 bullfrog skeletons (D:5)
  2 orc priests (D:4)
  2 orc wizards
  2 worker ants (D:5)
  4 adders
  A shadow imp (D:2)
  2 oozes (D:1)
  An adder skeleton (D:5)
  A dart slug (D:1)
  4 leopard geckos
  10 orcs
  7 ball pythons
  2 giant cockroaches
  5 goblins
  7 hobgoblins
  6 quokkas
  9 bats
  5 frilled lizards
  9 kobolds
  9 rats
97 creatures vanquished.

Notes
Turn   | Place    | Note
-------+----------+-------------------------------------------
     0 | D:1      | HAL9000 the Vine Stalker Assassin began the quest for the
                  | Orb.
     0 | D:1      | Reached XP level 1. HP: 11/11 MP: 2/2
    50 | D:1      | Reached skill level 5 in Stealth
   460 | D:1      | Reached XP level 2. HP: 15/15 MP: 3/3
   664 | D:1      | Reached skill level 6 in Stealth
   664 | D:1      | Reached XP level 3. HP: 4/18 MP: 4/4
  2006 | D:2      | Gained mutation: Your natural rate of healing is unusually
                  | fast. [Vine Stalker growth]
  2006 | D:2      | Reached XP level 4. HP: 19/23 MP: 3/5
  2465 | D:2      | Found a hazy altar of Hepliaklqana.
  2471 | D:2      | Found a basalt altar of Yredelemnul.
  2471 | D:2      | Found a hide-covered altar of Uskayaw.
  2471 | D:2      | Found a radiant altar of Vehumet.
  2472 | D:2      | Found a bloodstained altar of Trog.
  2566 | D:3      | Reached skill level 7 in Stealth
  2898 | D:3      | Reached XP level 5. HP: 26/26 MP: 6/6
  3840 | D:5      | Entered Level 5 of the Dungeon
  3844 | D:5      | Found a staircase to the Ecumenical Temple.
  3872 | D:4      | Reached XP level 6. HP: 9/30 MP: 3/7
  3920 | D:4      | Reached skill level 8 in Stealth
  4011 | Temple   | Entered the Ecumenical Temple
  4122 | Temple   | Became a worshipper of Dithmenos the Shadowed
  4313 | D:5      | HP: 1/30 [quokka (2)]
  4315 | D:5      | Reached XP level 7. HP: 1/34 MP: 1/8
  4597 | D:5      | Reached skill level 5 in Short Blades
  4661 | D:5      | Reached skill level 9 in Stealth
  4721 | D:5      | Noticed xoxolimbo's ghost (novice DsFE)
  4727 | D:5      | Found a runed translucent door.
  4920 | D:6      | Killed from afar by an orc priest

Levels and vault maps discovered:
D:1:      dpeg_arrival_round_b, layout_basic
D:2:      layout_rooms, minitemple
D:3:      layout_loops_ring
D:4:      layout_loops_cross
D:5:      layout_loops_ring, temple_fountains, first_ration,
          hellmonk_ghost_happy_afterlife
D:6:      layout_loops_ring
Temple:   regret_index_temple_waves

Skill      XL: |  1  2  3  4  5  6  7 |
---------------+----------------------+-----
Stealth        | 5 6 7 8 9 |  9.1
Short Blades   | 2 3 4 5 |  5.5
Fighting       | |  1.7
Throwing       | |  1.7
Dodging        | |  0.7

Action                   |  1- 3 |  4- 6 |  7- 9 || total
-------------------------+-------+-------+-------++-------
Melee: Dagger            |    84 |   249 |    44 ||   377
       Bite              |    14 |    71 |    10 ||    95
 Fire: Blowgun           |       |     3 |       ||     3
  Use: Scroll            |     2 |     4 |     2 ||     8
 Stab: Sleeping          |    11 |    10 |     7 ||    28
  Eat: Chunk             |     3 |     7 |     3 ||    13
Armor: Robe              |    21 |    42 |    10 ||    73
Dodge: Dodged            |    34 |   131 |    16 ||   181

Table legend:
 A = Non-vault XP
 B = Vault XP
 C = Vault XP percentage of total XP
 D = Non-vault monster count
 E = Vault monster count
 F = Vault count percentage of total count
                 A         B        C        D         E       F
            +---------+---------+-------+---------+---------+-------
      Total |    1034 |       0 |   0.0 |      97 |       0 |   0.0
            +---------+---------+-------+---------+---------+-------
        D:1 |      39 |       0 |   0.0 |      19 |       0 |   0.0
        D:2 |      92 |       0 |   0.0 |      29 |       0 |   0.0
        D:3 |      40 |       0 |   0.0 |      19 |       0 |   0.0
        D:4 |     259 |       0 |   0.0 |      13 |       0 |   0.0
        D:5 |     505 |       0 |   0.0 |      15 |       0 |   0.0
        D:6 |      99 |       0 |   0.0 |       2 |       0 |   0.0
            +---------+---------+-------+---------+---------+-------
